BSA
GREENVILLE 84S @ PLYMOUTH ROCKS
08/12/2027
 
TOP OF THE 1ST
Greenville 84s batting - Pitching for Plymouth Rocks : RHP José Martínez
Pitching: RHP José Martínez
Batting: RHB Carlos Torres 0-0: Foul Ball, location: 2F
0-1: Ball
1-1: SINGLE (Groundball, 34) (infield hit)
Batting: LHB Chris Moore 0-0: Called Strike
0-1: Swinging Strike
0-2: Ball
1-2: SINGLE (Groundball, 4MD)
Carlos Torres to second
Batting: RHB Enzo Díaz 0-0: Ball
1-0: 3-RUN HOME RUN (Flyball, 7D), Distance : 410 ft
Batting: LHB Brock Larsen 0-0: Swinging Strike
0-1: Ball
1-1: Ground out 3-1 (Groundball, 34)
Batting: LHB Paco Rosas 0-0: Ball
1-0: Foul Ball, location: 2F
1-1: Called Strike
1-2: Strikes out swinging
Batting: RHB Owen Carter 0-0: Foul Ball, location: 2F
0-1: Ball
1-1: Ball
2-1: Foul Ball, location: 2F
2-2: DOUBLE (Line Drive, 89XD)
Batting: SHB Gilberto Guzmán 0-0: Foul Ball, location: 2F
0-1: SINGLE (Groundball, 34D)
Owen Carter to third
Runner from 3rd tries for Home, SAFE, throw made home
Gilberto Guzmán to second
Batting: RHB Robert Buckley 0-0: Called Strike
0-1: Ball
1-1: Foul Ball, location: 2F
1-2: Foul Ball, location: 2F
1-2: Reached on error, E4 (Groundball, 4)
Gilberto Guzmán to third
Batting: LHB Mario Cornelo 0-0: SINGLE (Line Drive, 56)
Gilberto Guzmán scores
Robert Buckley to second
Batting: RHB Carlos Torres 0-0: Fly out, F6 (Popup, 6)
Top of the 1st over - 5 run(s), 6 hit(s), 1 error(s), 2 left on base; Greenville 5 - Plymouth 0
BOTTOM OF THE 1ST
Plymouth Rocks batting - Pitching for Greenville 84s : RHP Andrés Vázquez
Pitching: RHP Andrés Vázquez
Batting: LHB Roberto García 0-0: Ground out 5-3 (Groundball, 56)
Batting: LHB Roy Patrick 0-0: Ball
1-0: DOUBLE (Groundball, 5L)
Batting: RHB Andrés Lara 0-0: Foul Ball, location: 2F
0-1: Ball
1-1: Ground out 6-3 (Groundball, 6)
Roy Patrick to third
Batting: LHB Barrett Waters 0-0: Called Strike
0-1: Ball
1-1: Ball
2-1: SINGLE (Line Drive, 8LS)
Roy Patrick scores
Batting: LHB Roger Moore 0-0: Ball
1-0: SINGLE (Line Drive, 9S)
Barrett Waters to second
Runner from 2nd tries for 3rd, SAFE, throw made to third
Batting: RHB Luis Sánchez 0-0: Called Strike
Roger Moore steals 2nd base
0-1: Foul Ball, location: 2F
0-2: Foul Ball, location: 2F
0-2: Ground out 5-3 (Groundball, 5S)
Bottom of the 1st over - 1 run(s), 3 hit(s), 0 error(s), 2 left on base; Greenville 5 - Plymouth 1
TOP OF THE 2ND
Greenville 84s batting - Pitching for Plymouth Rocks : RHP José Martínez
Batting: LHB Chris Moore 0-0: Called Strike
0-1: Ball
1-1: Foul Ball, location: 2F
1-2: SINGLE (Line Drive, 8RS)
Batting: RHB Enzo Díaz 0-0: Called Strike
0-1: Ball
1-1: Swinging Strike
1-2: Strikes out swinging
Batting: LHB Brock Larsen 0-0: Called Strike
0-1: Ball
1-1: Foul Ball, location: 2F
1-2: Ball
2-2: SINGLE (Groundball, 5) (infield hit)
Chris Moore to second
Batting: LHB Paco Rosas 0-0: Called Strike
0-1: Fielders Choice at 2nd, 3-6 (Groundball, 3)
Chris Moore to third
Batting: RHB Owen Carter 0-0: Called Strike
0-1: Ball
1-1: Called Strike
1-2: Strikes out swinging
Top of the 2nd over - 0 run(s), 2 hit(s), 0 error(s), 2 left on base; Greenville 5 - Plymouth 1
BOTTOM OF THE 2ND
Plymouth Rocks batting - Pitching for Greenville 84s : RHP Andrés Vázquez
Batting: RHB Taylor McFarland 0-0: Called Strike
0-1: Called Strike
0-2: DOUBLE (Groundball, 5L)
Batting: SHB Víctor Serrano 0-0: Ball
1-0: Ground out U3 (Groundball, 3)
Taylor McFarland to third
Batting: RHB António Gonzáles 0-0: Ball
1-0: Ball
2-0: Foul Ball, location: 2F
2-1: Ball
3-1: Foul Ball, location: 2F
3-2: Foul Ball, location: 2F
3-2: Ground out 5-3 (Groundball, 56S)
Taylor McFarland scores
Batting: LHB Roberto García 0-0: Ball
1-0: Fly out, F8 (Flyball, 8LD)
Bottom of the 2nd over - 1 run(s), 1 hit(s), 0 error(s), 0 left on base; Greenville 5 - Plymouth 2
TOP OF THE 3RD
Greenville 84s batting - Pitching for Plymouth Rocks : RHP José Martínez
Batting: SHB Gilberto Guzmán 0-0: Called Strike
0-1: Ball
1-1: Swinging Strike
1-2: Ball
2-2: Foul Ball, location: 2F
2-2: Strikes out swinging
Batting: RHB Robert Buckley 0-0: Called Strike
0-1: Ball
1-1: Foul Ball, location: 2F
1-2: Ball
2-2: SINGLE (Groundball, 56D)
Batting: LHB Mario Cornelo 0-0: SINGLE (Line Drive, 56D)
Robert Buckley to second
Batting: RHB Carlos Torres 0-0: Called Strike
0-1: Ball
1-1: Ball
2-1: Foul Ball, location: 2F
2-2: Foul Ball, location: 2F
2-2: Fielders Choice at 2nd, 1-6 (Groundball, 13)
Robert Buckley to third
Batting: LHB Chris Moore 0-0: Called Strike
0-1: Ball
1-1: Ball
2-1: Ball
3-1: SINGLE (Groundball, 4MD)
Robert Buckley scores
Carlos Torres to second
Batting: RHB Enzo Díaz 0-0: Ball
1-0: Fielders Choice at 2nd, 4-6 (Groundball, 4)
Top of the 3rd over - 1 run(s), 3 hit(s), 0 error(s), 1 left on base; Greenville 6 - Plymouth 2
BOTTOM OF THE 3RD
Plymouth Rocks batting - Pitching for Greenville 84s : RHP Andrés Vázquez
Batting: LHB Roy Patrick 0-0: Fly out, F8 (Flyball, 8LM)
Batting: RHB Andrés Lara 0-0: Swinging Strike
0-1: Ball
1-1: SINGLE (Flyball, 8LS)
Batting: LHB Barrett Waters 0-0: Foul Ball, location: 2F
0-1: Ball
1-1: Ball
2-1: Fly out, F8 (Flyball, 8LD)
Batting: LHB Roger Moore 0-0: Ball
1-0: Ball
2-0: Called Strike
2-1: Called Strike
2-2: Ball
3-2: Foul Ball, location: 2F
3-2: SINGLE (Groundball, 34) (infield hit)
Andrés Lara to second
Batting: RHB Luis Sánchez 0-0: Ball
1-0: Ball
2-0: Swinging Strike
2-1: Fly out, F8 (Line Drive, 8LD)
Bottom of the 3rd over - 0 run(s), 2 hit(s), 0 error(s), 2 left on base; Greenville 6 - Plymouth 2
TOP OF THE 4TH
Greenville 84s batting - Pitching for Plymouth Rocks : RHP José Martínez
Batting: LHB Brock Larsen 0-0: Called Strike
0-1: Called Strike
0-2: Foul Ball, location: 2F
0-2: Strikes out swinging, 2-3 out at first.
Batting: LHB Paco Rosas 0-0: Called Strike
0-1: Ball
1-1: Ball
2-1: Ball
3-1: Ground out 1-3 (Groundball, 15S)
Batting: RHB Owen Carter 0-0: Called Strike
0-1: Called Strike
0-2: Foul Ball, location: 2F
0-2: Strikes out swinging
Top of the 4th over - 0 run(s), 0 hit(s), 0 error(s), 0 left on base; Greenville 6 - Plymouth 2
BOTTOM OF THE 4TH
Plymouth Rocks batting - Pitching for Greenville 84s : RHP Andrés Vázquez
Batting: RHB Taylor McFarland 0-0: Ball
1-0: Called Strike
1-1: Ball
2-1: Ball
3-1: Foul Ball, location: 2F
3-2: Foul Ball, location: 2F
3-2: Base on Balls
Batting: SHB Víctor Serrano 0-0: Ball
1-0: Fly out, F7 (Flyball, 7S)
Batting: RHB António Gonzáles 0-0: Foul Ball, location: 2F
0-1: Grounds into double play, 6-4-3 (Groundball, 6M)
Bottom of the 4th over - 0 run(s), 0 hit(s), 0 error(s), 0 left on base; Greenville 6 - Plymouth 2
TOP OF THE 5TH
Greenville 84s batting - Pitching for Plymouth Rocks : RHP José Martínez
Batting: SHB Gilberto Guzmán 0-0: Ground out 4-3 (Groundball, 4)
Batting: RHB Robert Buckley 0-0: Called Strike
0-1: Swinging Strike
0-2: Ball
1-2: Foul Ball, location: 2F
1-2: Strikes out swinging
Batting: LHB Mario Cornelo 0-0: Swinging Strike
0-1: Called Strike
0-2: Ball
1-2: Fly out, F7 (Flyball, 7)
Top of the 5th over - 0 run(s), 0 hit(s), 0 error(s), 0 left on base; Greenville 6 - Plymouth 2
BOTTOM OF THE 5TH
Plymouth Rocks batting - Pitching for Greenville 84s : RHP Andrés Vázquez
Batting: LHB Roberto García 0-0: Foul Ball, location: 2F
0-1: Ball
1-1: Fly out, F7 (Flyball, 7)
Batting: LHB Roy Patrick 0-0: Foul Ball, location: 2F
0-1: Swinging Strike
0-2: Ball
1-2: Strikes out swinging
Batting: RHB Andrés Lara 0-0: Swinging Strike
0-1: Fly out, F7 (Flyball, 78S)
Bottom of the 5th over - 0 run(s), 0 hit(s), 0 error(s), 0 left on base; Greenville 6 - Plymouth 2
TOP OF THE 6TH
Greenville 84s batting - Pitching for Plymouth Rocks : RHP José Martínez
Pitching: RHP Soichiro Ikeda
Batting: RHB Carlos Torres 0-0: Swinging Strike
0-1: Swinging Strike
0-2: Ball
1-2: Foul Ball, location: 2F
1-2: Foul Ball, location: 2F
1-2: Ball
2-2: Foul Ball, location: 2F
2-2: Strikes out swinging
Batting: LHB Chris Moore 0-0: Called Strike
0-1: Ball
1-1: Ball
2-1: Foul Ball, location: 2F
2-2: Foul Ball, location: 2F
2-2: Foul Ball, location: 2F
2-2: Fly out, F7 (Flyball, 7D)
Batting: RHB Enzo Díaz 0-0: Ball
1-0: Ground out 5-3 (Groundball, 56S)
Top of the 6th over - 0 run(s), 0 hit(s), 0 error(s), 0 left on base; Greenville 6 - Plymouth 2
BOTTOM OF THE 6TH
Plymouth Rocks batting - Pitching for Greenville 84s : RHP Andrés Vázquez
Batting: LHB Barrett Waters 0-0: Ball
1-0: Ball
2-0: Ball
3-0: Called Strike
3-1: Swinging Strike
3-2: Foul Ball, location: 2F
3-2: Fly out, F7 (Flyball, 7S)
Batting: LHB Roger Moore 0-0: Foul Ball, location: 2F
0-1: SINGLE (Line Drive, 89M)
Batting: RHB Luis Sánchez 0-0: Foul Ball, location: 2F
0-1: Ball
1-1: Ball
2-1: Foul Ball, location: 2F
2-2: Ball
3-2: Fly out, F8 (Flyball, 8LS)
Batting: RHB Taylor McFarland 0-0: Fly out, F9 (Flyball, 9LM)
Bottom of the 6th over - 0 run(s), 1 hit(s), 0 error(s), 1 left on base; Greenville 6 - Plymouth 2
TOP OF THE 7TH
Greenville 84s batting - Pitching for Plymouth Rocks : RHP Soichiro Ikeda
Batting: LHB Brock Larsen 0-0: Swinging Strike
0-1: Ball
1-1: Foul Ball, location: 2F
1-2: Foul Ball, location: 2F
1-2: Strikes out looking
Batting: LHB Paco Rosas 0-0: Called Strike
0-1: Ball
1-1: Ball
2-1: Ground out 4-3 (Groundball, 4)
Batting: RHB Owen Carter 0-0: Called Strike
0-1: Ball
1-1: Foul Ball, location: 2F
1-2: Foul Ball, location: 2F
1-2: Ball
2-2: Foul Ball, location: 2F
2-2: Ball
3-2: Fly out, F2 (Popup, 3S)
Top of the 7th over - 0 run(s), 0 hit(s), 0 error(s), 0 left on base; Greenville 6 - Plymouth 2
BOTTOM OF THE 7TH
Plymouth Rocks batting - Pitching for Greenville 84s : RHP Andrés Vázquez
Pitching: LHP Manuel Herrera
Batting: SHB Víctor Serrano 0-0: Ball
1-0: SOLO HOME RUN (Flyball, 78XD), Distance : 431 ft
Batting: RHB António Gonzáles 0-0: Ball
1-0: Called Strike
1-1: Called Strike
1-2: Strikes out swinging
Batting: LHB Roberto García 0-0: Called Strike
0-1: Ball
1-1: Called Strike
1-2: Ball
2-2: Strikes out swinging
Batting: LHB Roy Patrick 0-0: Swinging Strike
0-1: Called Strike
0-2: Ball
1-2: Fly out, F7 (Flyball, 7D)
Bottom of the 7th over - 1 run(s), 1 hit(s), 0 error(s), 0 left on base; Greenville 6 - Plymouth 3
TOP OF THE 8TH
Greenville 84s batting - Pitching for Plymouth Rocks : RHP Soichiro Ikeda
Batting: SHB Gilberto Guzmán 0-0: Ball
1-0: Swinging Strike
1-1: Called Strike
1-2: Foul Ball, location: 2F
1-2: Strikes out swinging
Batting: RHB Robert Buckley 0-0: SINGLE (Line Drive, 34D)
Pitching: LHP Manuel Parra
Batting: LHB Mario Cornelo 0-0: Called Strike
0-1: Ball
1-1: Fly out, F9 (Flyball, 9LS)
Batting: RHB Carlos Torres 0-0: Called Strike
0-1: Ball
1-1: Ball
2-1: Called Strike
2-2: Strikes out looking
Top of the 8th over - 0 run(s), 1 hit(s), 0 error(s), 1 left on base; Greenville 6 - Plymouth 3
BOTTOM OF THE 8TH
Plymouth Rocks batting - Pitching for Greenville 84s : LHP Manuel Herrera
Batting: RHB Andrés Lara 0-0: Ball
1-0: Foul Ball, location: 2F
1-1: Ball
2-1: Reached on error, E5 (Groundball, 56)
Pitching: RHP Robinson Gonzáles
Batting: LHB Barrett Waters 0-0: Ball
1-0: Called Strike
1-1: Ball
2-1: Ball
3-1: Called Strike
3-2: Foul Ball, location: 2F
3-2: Strikes out swinging
Batting: LHB Roger Moore 0-0: Called Strike
0-1: Foul Ball, location: 2F
0-2: Ball
1-2: Strikes out looking
Batting: RHB Luis Sánchez 0-0: Ball
1-0: Ground out 6-3 (Groundball, 6)
Bottom of the 8th over - 0 run(s), 0 hit(s), 1 error(s), 1 left on base; Greenville 6 - Plymouth 3
TOP OF THE 9TH
Greenville 84s batting - Pitching for Plymouth Rocks : LHP Manuel Parra
Batting: LHB Chris Moore 0-0: Ball
1-0: Foul Ball, location: 2F
1-1: Swinging Strike
1-2: Strikes out swinging
Batting: RHB Enzo Díaz 0-0: Ball
1-0: Foul Ball, location: 2F
1-1: Foul Ball, location: 2F
1-2: Ball
2-2: Ball
3-2: SINGLE (Groundball, 34D)
Batting: LHB Brock Larsen 0-0: Called Strike
0-1: Called Strike
0-2: Ball
1-2: Strikes out swinging
Batting: LHB Paco Rosas 0-0: Ball
1-0: SINGLE (Line Drive, 4MD)
Enzo Díaz to second
Batting: RHB Owen Carter 0-0: Ball
1-0: Fielders Choice at 2nd, 6-4 (Groundball, 6)
Top of the 9th over - 0 run(s), 2 hit(s), 0 error(s), 1 left on base; Greenville 6 - Plymouth 3
BOTTOM OF THE 9TH
Plymouth Rocks batting - Pitching for Greenville 84s : RHP Robinson Gonzáles
Pitching: LHP Francisco Ríos
Batting: RHB Taylor McFarland 0-0: Called Strike
0-1: Ball
1-1: Ground out 4-3 (Groundball, 4M)
Batting: SHB Víctor Serrano 0-0: Ball
1-0: Swinging Strike
1-1: Ball
2-1: SINGLE (Line Drive, 7S)
Batting: RHB António Gonzáles 0-0: Foul Ball, location: 2F
0-1: Grounds into double play, 6-4-3 (Groundball, 6M)
Bottom of the 9th over - 0 run(s), 1 hit(s), 0 error(s), 0 left on base; Greenville 6 - Plymouth 3
Thursday, March 30th, 2017 - OOTP Baseball 17.12 Build 75